 Dungeon Crawl Stone Soup version 0.31.0-9-g3a7656b989 (webtiles) character file.

Game seed: 1550077161096258596

86 EnegeticOcto the Ruffian (level 4, 41/44 HPs)
             Began as a Troll Monk on Jan 31, 2024.
             Quit the game on level 3 of the Dungeon.
             The game lasted 00:00:45 (1370 turns).

EnegeticOcto the Ruffian (Troll Monk)               Turns: 1370, Time: 00:00:45

Health: 41/44      AC:  4    Str: 19    XL:     4   Next: 26%
Magic:  3/3        EV: 10    Int:  6    God:
Gold:   108        SH:  0    Dex: 14    Spells: 3/3 levels left

rFire   . .          .
                       - Unarmed
rCold   . . .        c - orb {light}
rNeg    . . .        a - +0 robe
rPois   .            (helmet restricted)
rElec   .            (no cloak)
rCorr   .            (gloves unavailable)
SInv    .            (boots unavailable)
Will    .....        (no amulet)
Stlth   +            (no ring)
HPRegen 1.07/turn    (no ring)
MPRegen 0.08/turn

%: no passive effects
@: glowing
A: large, unfitting armour, claws 3, regeneration 1, shaggy fur 1, tough skin 1
a: no special abilities


You were on level 3 of the Dungeon.
You visited 1 branch of the dungeon, and saw 3 of its levels.

You collected 108 gold pieces.

Inventory:

Armour
 a - a +0 robe (worn)
 c - an orb of light (worn)
Scrolls
 e - 4 scrolls of teleportation {unknown}
 h - a scroll of enchant weapon {unknown}
 i - 2 scrolls of identify {unknown}
 j - a scroll of revelation {unknown}
Potions
 b - a potion of ambrosia
 d - 2 potions of curing {unknown}
 f - a potion of brilliance {unknown}
 g - a potion of degeneration {unknown}


   Skills:
 + Level 2.9 Fighting
 + Level 3.0 Dodging
 * Level 4.2 Unarmed Combat


You had 3 spell levels left.
You didn't know any spells.
Your spell library contained the following spells:

 Spells                   Type           Power      Damage    Failure   Level
 Tukima's Dance           Hex            0%         N/A       83%         3
 Passage of Golubria      Tloc           0%         N/A       99%         4
 Yara's Violent Unravell  Hex/Alch       0%         3d3       100%        5


Dungeon Overview and Level Annotations

Branches:
Dungeon (3/15) Zot: 16635

Altars:
Makhleb


Innate Abilities, Weirdness & Mutations

You are too large for most types of armour.
You have claws for hands.
Your natural rate of healing is unusually fast.
You are covered in fur. (AC +1)
You have tough skin. (AC +1)


Message History

An endoplasm is nearby!
An endoplasm is nearby!
An endoplasm is nearby!
You see here a +0 club.
The endoplasm quivers.
You scratch the endoplasm.
The endoplasm is heavily wounded.
The endoplasm freezes you.
You are frozen.
You scratch the endoplasm.
You kill the endoplasm!
No target in view!
No target in view!
No target in view!
No target in view!
HP restored.
There is a stone staircase leading down here.
Things that are here:
a +0 dagger; a kobold skeleton Done exploring.
Done exploring.
Done exploring.
Done exploring.
No target in view!
No target in view!
(D) Dungeon
Where to? (Tab/Enter - D:2 @ (x,y), ? - help)
There is a stone staircase leading down here.
You climb downwards.
There is a stone staircase leading up here.
(D) Dungeon
Where to? (Tab/Enter - D:2, ? - help)
There is a stone staircase leading down here.
You climb downwards.
There is a stone staircase leading up here.
Found an escape hatch in the ceiling.
No target in view!
No target in view!
No target in view!
An adder comes into view.
The adder hisses angrily.
An adder is nearby!
An adder is nearby!
Found 4 stones.
The adder barely misses you.
You claw the adder!
You kill the adder!
You have reached level 4!
Found a stone staircase leading up.
Found 6 atropa-tipped darts.
A goblin comes into view. It is wielding a +0 dagger.
The goblin shouts!
A goblin is nearby!
You see here 9 gold pieces.
The goblin hits you with a +0 dagger.
You claw the goblin!
You kill the goblin!
No target in view!
No target in view!
No target in view!
HP restored.
You now have 108 gold pieces (gained 9).
An orc comes into view.
It is wielding a +0 club and wearing a +1 leather armour of cold resistance.
Found a faded altar of an unknown god.
The orc shouts!
An orc is nearby!
An orc is nearby! 2 orcs come into view.
The orc moves out of view.
An orc comes into view. It is wielding a +0 short sword.
The orc shouts!
The orc hits you with a +0 club.
You claw the orc!
You kill the orc!
You scratch the orc.
The orc is heavily wounded.
The orc hits you with a +0 flail!
You claw the orc!
You kill the orc!
You scratch the orc.
The orc is almost dead.
The orc hits you with a +0 short sword. The orc attacks as it pursues you!
The orc hits you but does no damage.
You claw the orc!
You kill the orc!
You scratch the orc but do no damage. The orc hits you with a +0 mace.
You claw the orc!
You kill the orc!
Your Dodging skill increases to level 3!
No target in view!
No target in view!
No target in view!
No target in view!
No target in view!
No target in view!
Found 17 gold pieces.
There is a faded altar of an unknown god here.
This altar belongs to (a) Nemelex Xobeh, (b) Gozag or (c) Cheibriados, but you can't tell which.
Press the corresponding letter to learn more about a god, or press enter to convert or escape to cancel.
Okay, then.
Are you sure you want to abandon this character and quit the game? (Confirm with "yes".)

.. ### ... ..#
#.###.###### #..........#
.###...8.8..####
......8.8.8.....
#...8@8..$# #.
#..8.8.8..# # #.
#...8.8..## ###. #.#.
#........# #...
#.#.###.#########..# ...
####.......########..#
... ...............#....#
####.# ##...............#
#..#.#
#...).).........####..#.#


There were no monsters in sight!

Vanquished Creatures
  4 adders
  4 orcs (D:3)
  6 endoplasms
  3 giant cockroaches
  8 goblins
  3 hobgoblins
  2 quokkas
  2 ball pythons (D:1)
  2 bats (D:2)
  3 frilled lizards
  4 kobolds
  4 rats
45 creatures vanquished.

Notes
Turn   | Place    | Note
-------+----------+-------------------------------------------
     0 | D:1      | EnegeticOcto the Troll Monk began the quest for the Orb.
     0 | D:1      | Reached XP level 1. HP: 22/22 MP: 0/0
   100 | D:1      | Reached XP level 2. HP: 29/29 MP: 1/1
   605 | D:1      | You fall into a shaft and drop 1 floor!
   625 | D:2      | Reached XP level 3. HP: 36/36 MP: 2/2
   773 | D:2      | Reached skill level 4 in Unarmed Combat
   896 | D:2      | Found a burning altar of Makhleb.
  1314 | D:3      | Reached XP level 4. HP: 44/44 MP: 3/3
  1351 | D:3      | Found a faded altar of an unknown god.
  1363 | D:3      | Reached skill level 3 in Dodging
  1370 | D:3      | Quit the game

Illustrated notes

Levels and vault maps discovered:
D:1:      wander_arrival_lonely_grave, layout_basic
D:2:      layout_loops_ring, basic_altar, moated_statue
D:3:      layout_basic, nicolae_overflow_hallway_of_the_gods,
          chequers_ecumenical_altar_simple_redux

Skill      XL: |  1  2  3  4 |
---------------+-------------+-----
Unarmed Combat | 4 |  4.2
Dodging        | 3 |  3.0
Fighting       | |  2.9

Action                     |  1- 3 |  4- 6 || total
---------------------------+-------+-------++-------
  Melee: Unarmed           |    81 |     8 ||    89
 Armour: Robe              |    34 |     6 ||    40
  Dodge: Dodged            |    33 |       ||    33

Table legend:
 A = Kills in this place as a percentage of kills in the entire game.
 B = Kills by you in this place as a percentage of kills by you in the entire game.
 C = Kills by friends in this place as a percentage of kills by friends in the entire game.
 D = Other kills in this place as a percentage of other kills in the entire game.
 E = Experience gained in this place as a percentage of experience gained in the entire game.
 F = Experience gained in this place divided by the number of levels of this place that you have seen.
                   A       B       C       D       E      F
               +-------+-------+-------+-------+-------+----------------------
         Total | 100.0 | 100.0 |   N/A |   N/A | 100.0 |  41.0
       Dungeon | 100.0 | 100.0 |   N/A |   N/A | 100.0 |  41.0
               +-------+-------+-------+-------+-------+----------------------

Table legend: (Time is in decaauts)
 A = Elapsed time spent in this place.
 B = Non-inter-level travel time spent in this place.
 C = Inter-level travel time spent in this place.
 D = Time resting spent in this place.
 E = Time spent auto-exploring this place.
 F = Levels seen in this place.
 G = Mean time per level.
                   A        B        C        D        E       F      G
               +--------+--------+--------+--------+--------+-----+--------+
         Total |   1364 |   1314 |     50 |      0 |   1096 |   3 |  454.7 |
       Dungeon |   1364 |   1314 |     50 |      0 |   1096 |   3 |  454.7 |
               +--------+--------+--------+--------+--------+-----+--------+

Top non-repeatable levels by time:
     D:1: 686 daAuts
     D:2: 612 daAuts
     D:3: 65 daAuts
